Map: Eternal Empire LE

Players

DisK

  • Race: Protoss Protoss
  • League: Master
  • Spawn Location: 1:00

Neeb - Winner!

  • Race: Protoss Protoss
  • Spawn Location: 7:00

Event: DreamHack SC2 Masters 2020 Summer North America

VOD

Have the link to the VOD?

Description

Time

  • Played on: July 4, 2020, 4:17 p.m.
  • Length: 10:21

All games in this series

Show
View Real Time Build Order
Export as new Build Order

DisK Protoss 

Build Orders:  

Get SALT Encoding   

  12  0:00  Probe  
  13  0:12  Probe  
  14  0:17  Pylon  
  14  0:24  Probe  
  15  0:34  Probe  
  15  0:35  Gateway  
  15  0:42  Probe  
  16  0:47  Assimilator  
  17  0:52  Probe  
  17  0:55  Assimilator  
  18  1:00  Probe  
  18  1:08  Gateway, Probe  
  20  1:19  Probe  
  20  1:25  Cybernetics Core  
  21  1:31  Probe  
  22  1:35  Pylon  
  22  1:43  Probe  
  23  1:55  Probe  
  24  2:03  Adept x2, Warp Gate  
  24  2:07  Probe  
  29  2:10  Pylon  
  29  2:19  Probe  
  30  2:28  Pylon  
  30  2:31  Probe  
  30  2:33  Adept  
  33  2:37  Adept  
  33  2:43  Probe  
  35  2:47  Pylon  
  35  2:57  Shield Battery  
  35  3:03  Adept  
  37  3:07  Adept  
  39  3:16  Shield Battery  
  39  3:23  Nexus  
  39  3:36  Probe  
  40  3:44  Robotics Facility  
  40  3:45  Shield Battery  
  40  3:48  Probe  
  41  3:51  Sentry  
  41  3:52  Sentry  
  41  3:55  Pylon  
  45  4:00  Probe  
  46  4:04  Forge  
  46  4:14  Shield Battery  
  44  4:24  Probe  
  44  4:29  Protoss Ground Weapons Level 1  
  45  4:32  Immortal, Probe  
  45  4:33  Probe  
  51  4:40  Probe  
  51  4:41  Probe  
  53  4:48  Probe  
  53  4:49  Probe  
  54  4:53  Sentry  
  54  4:56  Probe  
  54  4:57  Stalker, Probe  
  59  5:06  Shield Battery  
  61  5:08  Probe  
  61  5:15  Probe  
  61  5:21  Probe  
  62  5:23  Probe  
  62  5:25  Warp Prism  
  65  5:29  Gateway  
  65  5:32  Probe  
  61  5:36  Probe  
  57  5:55  Probe x2  
  53  5:57  Gateway, Shield Battery  
  53  6:00  Gateway  
  53  6:02  Phoenix  
  53  6:04  Adept  
  53  6:05  Adept  
  57  6:11  Gateway  
  57  6:12  Immortal  
  55  6:18  Probe x2  
  61  6:26  Sentry x2  
  61  6:29  Stalker  
  67  6:38  Assimilator  
  67  6:43  Assimilator  
  67  6:58  Stalker x2  
  65  7:04  Probe  
  65  7:05  Probe  
  65  7:11  Twilight Council  
  65  7:13  Zealot  
  67  7:17  Nexus  
  67  7:19  Pylon  
  67  7:21  Probe x2  
  69  7:26  Observer  
  70  7:37  Gateway, Charge  
  70  7:39  Gateway, Probe x2  
  70  7:40  Zealot  
  70  7:41  Protoss Ground Weapons Level 2  
  74  7:46  Pylon  
  72  7:56  Templar Archives  
  72  7:59  Probe x2  
  68  8:07  Probe  
  68  8:12  Immortal  
  69  8:15  Zealot x2, Probe  
  69  8:16  Zealot x2  
  82  8:24  Observer, Pylon  
  82  8:30  Probe x2  
  82  8:32  Probe  
  82  8:33  Shield Battery  
  83  8:42  Zealot x2  
  82  8:52  Zealot x2  
  83  8:58  Probe x2  
  80  9:08  Probe x3  
  81  9:16  Probe x2  
  82  9:20  Probe  
  82  9:22  High Templar x2, Zealot  
  91  9:26  Probe  
  91  9:27  Archon  
  89  9:35  Probe x2  
  87  9:38  Probe  
  87  9:45  Observer  
  89  9:47  Probe x2  
  89  9:54  Zealot x6  
  89  9:55  Zealot  
Show
View Real Time Build Order
Export as new Build Order

Neeb Protoss - Winner!

Build Orders:  

Get SALT Encoding   

  12  0:00  Probe  
  13  0:12  Probe  
  14  0:17  Pylon  
  14  0:24  Probe  
  15  0:32  Probe  
  15  0:37  Gateway  
  15  0:40  Probe  
  16  0:47  Assimilator  
  17  0:51  Probe  
  17  0:55  Assimilator  
  18  0:59  Probe  
  19  1:07  Probe  
  19  1:09  Gateway  
  19  1:17  Probe  
  20  1:24  Cybernetics Core  
  21  1:29  Probe  
  22  1:35  Pylon  
  22  1:41  Probe  
  23  1:54  Probe  
  24  2:02  Adept x2, Warp Gate  
  24  2:06  Probe  
  29  2:12  Pylon  
  29  2:18  Probe  
  30  2:30  Probe  
  30  2:32  Stalker x2  
  35  2:55  Nexus  
  35  3:02  Probe  
  35  3:05  Shield Battery  
  36  3:14  Probe  
  37  3:26  Probe, Pylon  
  38  3:38  Probe  
  39  3:44  Forge  
  39  3:45  Twilight Council  
  39  3:50  Sentry x2, Probe  
  44  3:57  Pylon  
  44  4:03  Probe  
  44  4:08  Shield Battery  
  45  4:14  Stalker x2  
  49  4:22  Probe  
  47  4:35  Protoss Ground Weapons Level 1  
  47  4:36  Blink, Probe  
  49  4:38  Pylon  
  49  4:42  Adept x2  
  49  4:43  Probe  
  53  4:51  Probe  
  54  4:53  Shield Battery  
  54  4:55  Probe  
  55  5:03  Probe  
  55  5:05  Adept x2  
  60  5:08  Probe  
  59  5:15  Probe  
  59  5:17  Shield Battery  
  59  5:20  Probe  
  59  5:27  Probe  
  59  5:28  Stalker x2  
  62  5:32  Probe  
  65  5:39  Probe  
  64  5:44  Assimilator x2  
  64  5:46  Probe  
  64  5:48  Gateway  
  64  5:49  Gateway  
  63  5:53  Stalker x2  
  65  5:59  Probe  
  65  6:03  Probe  
  67  6:06  Pylon  
  67  6:08  Dark Shrine  
  67  6:09  Gateway  
  67  6:14  Robotics Facility  
  67  6:16  Sentry  
  69  6:19  Pylon  
  69  6:30  Nexus  
  69  6:34  Pylon  
  69  6:38  Protoss Ground Weapons Level 2  
  69  6:42  Pylon  
  69  6:43  Stalker  
  71  6:48  Probe x2  
  73  7:00  Probe  
  70  7:06  Stalker x3  
  70  7:07  Observer  
  74  7:10  Stalker  
  74  7:11  Probe  
  76  7:20  Probe  
  77  7:25  Photon Cannon  
  77  7:26  Probe  
  77  7:29  Stalker  
  80  7:30  Stalker  
  80  7:34  Probe  
  83  7:38  Probe  
  83  7:42  Probe  
  85  7:46  Probe  
  85  7:50  Dark Templar x2  
  90  7:52  Probe  
  90  7:54  Dark Templar  
  90  7:55  Dark Templar  
  96  7:58  Probe  
  96  8:00  Shadow Stride  
  94  8:05  Pylon  
  94  8:09  Gateway  
  94  8:11  Gateway, Probe  
  95  8:13  Probe  
  95  8:17  Assimilator x2  
  95  8:18  Probe  
  97  8:32  Gateway  
  97  8:34  Gateway  
  97  8:38  Probe x2  
  99  8:53  Stalker x4  
  105  9:06  Probe  
  106  9:10  Gateway  
  106  9:12  Gateway  
  106  9:16  Pylon  
  106  9:17  Nexus  
  104  9:23  Templar Archives  
  102  9:36  Zealot x6  
  114  9:41  Pylon  
  114  9:45  Photon Cannon  
  114  9:52  Zealot x2  
  116  9:53  Zealot  
  116  9:56  Shield Battery  
  116  9:57  Shield Battery  
  116  9:59  Shield Battery  
  116  10:02  High Templar x2  
  116  10:03  High Templar x3  
  116  10:04  High Templar  
  128  10:08  Archon x3  
  128  10:09  Zealot x2  
Tags
 
Add a new tag
Caveats
  • Supply blocks, unpowered buildings, or Contaminate may cause inaccurate times.
  • Supply counts are checked every 10 seconds.